 Dungeon Crawl Stone Soup version 0.20.1-1-g8b1a95d (webtiles) character file.

282 dstrtn the Covert (level 6, -4/32 HPs)
             Began as a Spriggan Chaos Knight on Oct 14, 2017.
             Slain by an iguana (10 damage)
             ... on level 5 of the Dungeon.
             The game lasted 00:13:13 (4536 turns).

dstrtn the Covert (Spriggan Chaos Knight)           Turns: 4536, Time: 00:13:13

Health: -4/32      AC:  3    Str:  8    XL:     6   Next: 6%
Magic:  7/7        EV: 18    Int: 12    God:    Xom [.....*]
Gold:   242        SH:  0    Dex: 17    Spells: 5/5 levels left

rFire    . . .     SeeInvis +   b - -2 short sword (curse)
rCold    . . .     Gourm    .   (shield restricted)
rNeg     . . .     Faith    .   o - +2 robe
rPois    .         Spirit   .   (helmet restricted)
rElec    .         Reflect  .   (no cloak)
rCorr    .         Harm     .   (gloves unavailable)
MR       +....                  (boots unavailable)
Stlth    ++++......             (no amulet)
Regen    0.1/turn               (no ring)
MPRegen  0.1/turn               (no ring)

@: drained, very quick
A: unfitting armour, hooves 1, see invisible, deformed body, dopey 1, herbivore
3, speed 3, slow metabolism 2
a: Renounce Religion


You were on level 5 of the Dungeon.
You worshipped Xom.
You were Xom's teddy bear.
You were not hungry.

You visited 1 branch of the dungeon, and saw 5 of its levels.

You collected 242 gold pieces.

Inventory:

Hand Weapons
 a - a +1 dagger
 b - a cursed -2 short sword (weapon)
 k - a cursed -2 hunting sling
 p - a +0 blowgun
Missiles
 d - 182 stones (quivered)
 q - 3 curare-tipped needles
 w - 14 sling bullets
Armour
 o - a +2 robe (worn)
Wands
 l - a wand of random effects (17/48)
 v - a wand of random effects (19/48)
Scrolls
 h - a scroll of immolation
 n - 2 scrolls of fog
 r - 2 scrolls of fear {unknown}
 s - a scroll of remove curse {unknown}
 u - a scroll of teleportation
Potions
 e - 3 potions of curing
 f - a potion of resistance {unknown}
 g - a potion of flight {unknown}
 i - 2 potions of might {unknown}
 j - 4 potions of lignification
Books
 t - the Incunabulum of Lightness
   (You found it on level 4 of the Dungeon)

   Spells                             Type                      Level
   a - Shock                          Conjuration/Air              1
   b - Summon Lightning Spire         Summoning/Air                4
   c - Deflect Missiles               Charms/Air                   6
   d - Tornado                        Air                          9
Comestibles
 c - 3 bread rations
 m - 2 royal jellies


   Skills:
 - Level 2.4(2.2) Fighting
 + Level 4.4(4.2) Short Blades
 - Level 3.5(3.3) Dodging
 + Level 8.4(8.2) Stealth


You had 5 spell levels left.
You didn't know any spells.

Dungeon Overview and Level Annotations

Branches:
Dungeon (5/15)
 Temple: D:4-7

Altars:
Fedhas
Xom

Shops:
D:5 %

Annotations:
D:2 Natasha, Robin


Innate Abilities, Weirdness & Mutations

You are very small and have problems with some larger weapons.
You are too small for most types of armour.
You have supernaturally acute eyesight. (SInv)
You are a herbivore.
You cover ground extremely quickly.
You need consume almost no food.
You have large cloven feet.
Armour fits poorly on your strangely shaped body.
You are dopey. (Int -2)


Message History

You open the door.
There is an open door here.
Found a leather armour.
Found a stone staircase leading down.
You are now Xom's teddy bear.
Found a hand axe.
You see here a leather armour.
An iguana comes into view.
Xom twists space around you.
Your surroundings suddenly seem different.
There is an open door here.
There is an entrance to Myqomp's Food Emporium here.
There is an open door here.
The iguana hisses angrily.
The iguana is too close now for your liking.
A worm comes into view.
You hit the iguana but do no damage. The iguana bites you!
You hit the iguana but do no damage. The iguana bites you!
* * * LOW HITPOINT WARNING * * *
You hit the iguana but do no damage. The iguana bites you!
You die...

##.........# ,
#.........#
#.........# ,
##........#
##...###.# ##### #.#
, ##.# #..# * ** ,
#.@# ,,,,,, #.l# **,
, ** #..#### **, ,**
**** #.....#### *
,,,, ,,,,
#####.w......##* * *
****
,,,,................
, **
*................,,,*
* ###............. ,,
* * ##............ ,
,,


You could see a worm and an iguana.

Vanquished Creatures
  A howler monkey (D:5)
  A hound (D:4)
  Jessica (D:2)
  An iguana (D:4)
  Natasha (D:2)
  5 adders
  3 oozes
  3 worms
  A dart slug (D:1)
  5 leopard geckos
  2 orcs
  2 giant cockroaches
  7 goblins
  4 hobgoblins
  2 jackals (D:1)
  7 kobolds
  A quokka (D:3)
  5 bats
  7 frilled lizards
  3 rats
62 creatures vanquished.

Vanquished Creatures (collateral kills)
  A worker ant (D:5)
  An adder (D:4)
2 creatures vanquished.

Grand Total: 64 creatures vanquished

Notes
Turn   | Place    | Note
-------+----------+-------------------------------------------
     0 | D:1      | dstrtn the Spriggan Chaos Knight began the quest for the Orb.
     0 | D:1      | Reached XP level 1. HP: 11/11 MP: 2/2
    12 | D:1      | Reached skill level 1 in Stealth
    45 | D:1      | Reached skill level 2 in Stealth
    45 | D:1      | Reached XP level 2. HP: 16/16 MP: 3/3
    60 | D:1      | Reached skill level 3 in Stealth
    69 | D:1      | XOM: silly message
    88 | D:1      | XOM: silly message
   185 | D:1      | XOM: mild Tmut miscast
   301 | D:1      | Reached skill level 4 in Stealth
   451 | D:1      | Reached XP level 3. HP: 15/19 MP: 4/4
   622 | D:1      | XOM: summons 1 hostile demon
  1056 | D:2      | Noticed Jessica
  1064 | D:2      | Killed Jessica
  1064 | D:2      | Reached skill level 5 in Stealth
  1408 | D:2      | Noticed Natasha
  1418 | D:2      | Killed Natasha
  1418 | D:2      | Reached skill level 6 in Stealth
  1418 | D:2      | Reached XP level 4. HP: 20/23 MP: 5/5
  1554 | D:2      | Noticed Natasha
  1707 | D:2      | XOM is BORED!
  1709 | D:2      | XOM is BORED!
  1709 | D:2      | XOM: summons 1 hostile demon
  1823 | D:2      | XOM: chaos upgrade
  1996 | D:2      | Noticed Robin
  2066 | D:2      | XOM: confusion
  2164 | D:2      | Reached skill level 7 in Stealth
  2281 | D:2      | XOM: medium Necr miscast
  2376 | D:3      | XOM is BORED!
  2376 | D:3      | Found a blossoming altar of Fedhas.
  2376 | D:3      | XOM: 8-stop teleportation journey
  2647 | D:3      | Reached XP level 5. HP: 27/27 MP: 6/6
  3248 | D:4      | XOM: noise
  3273 | D:4      | Identified the Incunabulum of Lightness
  3400 | D:4      | Noticed a phantom
  3402 | D:4      | XOM: give mutations
  3402 | D:4      | Gained mutation: You have large cloven feet. [Xom's mischief]
  3402 | D:4      | Gained mutation: Armour fits poorly on your strangely shaped body. [Xom's mischief]
  3402 | D:4      | Gained mutation: You are dopey. (Int -2) [Xom's mischief]
  3406 | D:4      | XOM: summons 5 friendly demons
  3417 | D:4      | XOM: smoke on damage
  3448 | D:4      | XOM: scenery: 3 doors open, 1 doors close
  3551 | D:4      | XOM: 1-stop teleportation journey
  3593 | D:4      | XOM: scenery: create altars
  3622 | D:4      | XOM: enchant monster (good)
  3673 | D:4      | HP: 1/27 [adder (5)]
  3701 | D:4      | XOM: cleaving
  3708 | D:4      | XOM: summons friendly shadow imp
  3773 | D:4      | Reached skill level 8 in Stealth
  4129 | D:5      | Entered Level 5 of the Dungeon
  4281 | D:5      | XOM: divination: magic mapping
  4334 | D:5      | Reached XP level 6. HP: 32/32 MP: 7/7
  4341 | D:5      | XOM: smoke on damage
  4355 | D:5      | XOM: summons 3 friendly demons
  4409 | D:5      | Noticed a sky beast
  4445 | D:5      | Found Myqomp's Food Emporium.
  4496 | D:5      | XOM: 1-stop teleportation journey
  4536 | D:5      | Slain by an iguana

Skill      XL: |  1  2  3  4  5 |
---------------+----------------+-----
Stealth        | 2 4 6 7 8 |  8.4
Short Blades   | 4 |  4.4
Fighting       | |  2.4
Dodging        | |  3.5

Action                   |  1- 3 |  4- 6 || total
-------------------------+-------+-------++-------
Melee: Short sword       |    76 |    99 ||   175
       Dagger            |    19 |   101 ||   120
       Kick              |       |     7 ||     7
Throw: Stone             |       |     2 ||     2
  Use: Scroll            |       |     7 ||     7
       Potion            |       |     2 ||     2
 Stab: Sleeping          |     6 |    18 ||    24
       Distracted        |       |     2 ||     2
  Eat: Royal jelly       |       |     1 ||     1
Armor: Robe              |     4 |    19 ||    23
Dodge: Dodged            |    58 |   127 ||   185
